 Dungeon Crawl Stone Soup version 0.22-a0-292-g0df9d5f (webtiles) character file.

107 nikopol the Magician (level 4, 0/24 HPs)
             Began as a Deep Elf Fire Elementalist on Mar 23, 2018.
             Slain by a gnoll (7 damage)
             ... on level 2 of the Dungeon.
             The game lasted 00:04:44 (1658 turns).

nikopol the Magician (Deep Elf Fire Elementalist)   Turns: 1658, Time: 00:04:44

Health: 0/24       AC:  2    Str:  5    XL:     4   Next: 56%
Magic:  4/12       EV:  7    Int: 21    God:
Gold:   76         SH:  0    Dex: 15    Spells: 5/11 levels left

rFire    + . .     SeeInvis .   s - +1 dagger (speed)
rCold    x . .     Gourm    .   (no shield)
rNeg     . . .     Faith    .   a - +0 robe
rPois    .         Spirit   .   (no helmet)
rElec    .         Reflect  .   (no cloak)
rCorr    .         Harm     .   (no gloves)
MR       .....                  (no boots)
Stlth    ++........             (no amulet)
HPRegen  0.08/turn              e - ring of wizardry
MPRegen  0.13/turn              f - ring of fire

@: held
A: no striking features
a: no special abilities


You were on level 2 of the Dungeon.
You were not hungry.

You visited 1 branch of the dungeon, and saw 2 of its levels.

You collected 76 gold pieces.

Inventory:

Hand Weapons
 s - a +1 dagger of speed (weapon)
Armour
 a - a +0 robe (worn)
Jewellery
 e - a ring of wizardry (left hand)
 f - a ring of fire (right hand)
Scrolls
 g - a scroll of magic mapping {unknown}
 i - a scroll of identify {unknown}
 j - a scroll of random uselessness {unknown}
 k - 2 scrolls of teleportation {unknown}
 l - 2 scrolls of remove curse {unknown}
 m - a scroll of enchant armour {unknown}
 o - a scroll of fear {unknown}
Potions
 b - a potion of flight {unknown}
 h - a potion of mutation {unknown}
 n - 2 potions of cancellation {unknown}
 p - 2 potions of heal wounds {unknown}
 q - a potion of haste {unknown}
 r - a potion of lignification {unknown}
Comestibles
 c - 3 rations
 d - 3 chunks of flesh


   Skills:
 + Level 0.2 Fighting
 + Level 3.2 Dodging
 + Level 3.2 Stealth
 + Level 4.1 Spellcasting
 + Level 2.2 Conjurations
 + Level 4.0 Fire Magic


You had 5 spell levels left.
You knew the following spells:

 Your Spells              Type           Power        Failure   Level  Hunger
a - Flame Tongue          Conj/Fire      ####.        1%          1    None
b - Throw Flame           Conj/Fire      ####..       1%          2    #......
c - Conjure Flame         Conj/Fire      ####....     4%          3    ###....


Dungeon Overview and Level Annotations

Branches:
Dungeon (2/15)

Altars:
Qazlal


Message History

Your Fire Magic skill increases to level 4!
The gnoll hits you but does no damage.
Casting: Flame Tongue (safe; 1% risk of failure)
Confirm with . or Enter, or press ? or * to list all spells.
Aiming: Flame Tongue (safe; 1% risk of failure)
Press: ? - help, Shift-Dir - straight line, f - gnoll
Aim: a gnoll You feel a surge of power!
The flame tongue hits the gnoll.
The gnoll is moderately wounded.
The gnoll hits you.
* * * LOW HITPOINT WARNING * * *
Casting: Flame Tongue (safe; 1% risk of failure)
Confirm with . or Enter, or press ? or * to list all spells.
Aiming: Flame Tongue (safe; 1% risk of failure)
Press: ? - help, Shift-Dir - straight line, f/p - gnoll
Aim: a gnoll (moderately wounded)
You feel a surge of power!
The flame tongue hits the gnoll.
The gnoll is moderately wounded.
The gnoll hits you!
You die...

g...... #...........#
.g).... #...........#
....... #.......(...#
.......### #.........)..
.........# #............
.......#.# #............
#......#)###########.......
.>.....(.........).........
.........g@................
###.[#.#############.......
#( #. #....... # #.
######## #. .. #### .. #.<.
#... #...


You could see a gnoll.

Vanquished Creatures
  Jessica (D:2)
  An adder (D:2)
  3 gnolls (D:2)
  3 worms (D:2)
  A dart slug (D:2)
  3 bats
  2 giant cockroaches (D:2)
  5 goblins
  6 hobgoblins
  3 kobolds
  A frilled lizard (D:2)
  4 rats
33 creatures vanquished.

Notes
Turn   | Place    | Note
-------+----------+-------------------------------------------
     0 | D:1      | nikopol the Deep Elf Fire Elementalist began the quest for the Orb.
     0 | D:1      | Reached XP level 1. HP: 10/10 MP: 6/6
   407 | D:1      | Reached XP level 2. HP: 15/15 MP: 5/8
  1070 | D:2      | Reached XP level 3. HP: 8/19 MP: 5/9
  1083 | D:1      | Learned a level 2 spell: Throw Flame
  1087 | D:1      | Learned a level 3 spell: Conjure Flame
  1364 | D:2      | Found a stormy altar of Qazlal.
  1452 | D:2      | Noticed Jessica
  1455 | D:2      | Killed Jessica
  1455 | D:2      | Reached XP level 4. HP: 24/24 MP: 4/11
  1658 | D:2      | Slain by a gnoll

Vault maps used:
D:1:      minmay_arrival_stone_box, kennysheep_nondescript, kennysheep_boxes
D:2:      minmay_misc_feat_room, grunt_qazlal_clouds, uniq_jessica

Skill      XL: |  1  2  3  4 |
---------------+-------------+-----
Dodging        | 3 |  3.2
Stealth        | 3 |  3.2
Conjurations   | 2 |  2.2
Spellcasting   | 4 |  4.1
Fire Magic     | 4 |  4.0
Fighting       | |  0.2

Action                   |  1- 3 |  4- 6 || total
-------------------------+-------+-------++-------
Melee: Unarmed           |     2 |       ||     2
       Dagger            |       |     1 ||     1
 Cast: Flame Tongue      |    47 |    15 ||    62
       Throw Flame       |     1 |     2 ||     3
  Eat: Chunk             |     2 |       ||     2
Armor: Robe              |     1 |     1 ||     2
Dodge: Dodged            |    10 |     2 ||    12

Table legend:
 A = Spawn XP
 B = Non-spawn XP
 C = Spawn XP percentage of total XP
 D = Spawn monster count
 E = Non-spawn monster count
 F = Spawn count percentage of total count
 G = Total turns spent on level
                    A         B        C        D         E        F      G
               +---------+---------+-------+---------+---------+-------+---------
         Total |       0 |     153 |   0.0 |       0 |      33 |   0.0 |  1658
               +---------+---------+-------+---------+---------+-------+---------
           D:1 |       0 |      22 |   0.0 |       0 |      12 |   0.0 |  1246
           D:2 |       0 |     131 |   0.0 |       0 |      21 |   0.0 |   412
               +---------+---------+-------+---------+---------+-------+---------
